 Dungeon Crawl Stone Soup version 0.31-a0-836-g3ceb0a68c4 (webtiles) character file.

Game seed: 9189621047946804573

196 Hubris850 the Ruffian (level 5, 0/46 HPs)
             Began as a Minotaur Fighter on Sept 26, 2023.
             Frozen to death by an endoplasm (3 damage)
             ... on level 4 of the Dungeon.
             The game lasted 00:04:06 (1858 turns).

Hubris850 the Ruffian (Minotaur Fighter)            Turns: 1858, Time: 00:04:07

Health: 0/46       AC:  8    Str: 20    XL:     5   Next: 45%
Magic:  4/4        EV:  9    Int:  5    God:
Gold:   226        SH:  5    Dex: 12    Spells: 4/4 levels left

rFire   . .          .
                       - Unarmed
rCold   . . .        b - +0 buckler
rNeg    + . .        a - +0 scale mail
rPois   .            (helmet restricted)
rElec   .            (no cloak)
rCorr   .            (no gloves)
SInv    .            g - +0 pair of boots
Will    .....        k - amulet of faith Stlth
                     q - ring of positive energy
HPRegen 0.27/turn    (no ring)
MPRegen 0.09/turn

%: faith
@: mighty, lethally poisoned (0 -> -26)
A: horns 2, retaliatory headbutt
a: no special abilities


You were on level 4 of the Dungeon.
You visited 1 branch of the dungeon, and saw 4 of its levels.

You collected 226 gold pieces.

Inventory:

Missiles
 n - 4 darts of dispersal
Armour
 a - a +0 scale mail (worn)
 b - a +0 buckler (worn)
 g - a +0 pair of boots (worn)
 h - a +0 leather armour of willpower
 p - the +0 robe of Incorporation {Rampage *Corrode rC++}
   (You found it on level 2 of the Dungeon)

   rC++:      It greatly protects you from cold.
   *Corrode:  It may corrode you when you take damage.
   Rampage:   It bestows one free step when moving towards enemies.
Jewellery
 k - an amulet of faith (around neck)
 q - a ring of positive energy (left hand)
Wands
 u - a wand of flame (1)
Scrolls
 d - a scroll of revelation {unknown}
 e - a scroll of enchant weapon {unknown}
 i - 2 scrolls of teleportation {unknown}
 j - 2 scrolls of blinking {unknown}
 m - 5 scrolls of identify {unknown}
 v - a scroll of fog {unknown}
Potions
 c - a potion of might
 f - a potion of heal wounds {unknown}
 l - 2 potions of lignification {unknown}
 o - a potion of haste {unknown}
 r - 2 potions of brilliance {unknown}
 s - a potion of enlightenment {unknown}
 t - a potion of cancellation {unknown}


   Skills:
 - Level 4.0 Fighting
 - Level 4.0 Armour
 - Level 4.0 Shields
 + Level 5.8 Unarmed Combat


You had 4 spell levels left.
You didn't know any spells.
Your spell library contained the following spells:

 Spells                   Type           Power      Damage    Failure   Level
 Inner Flame              Hex/Fire       0%         N/A       99%         3
 Flame Wave               Conj/Fire      0%         2d4       100%        4
 Sticky Flame             Conj/Fire      0%         2d3       100%        4


Dungeon Overview and Level Annotations

Branches:
Dungeon (4/15)
 Temple: D:4-7

Altars:
Sif Muna


Innate Abilities, Weirdness & Mutations

You have a pair of horns on your head.
You reflexively headbutt those who attack you in melee.


Message History

The adder is severely wounded.
The adder bites you but does no damage.
You hit the adder.
You kill the adder!
You barely miss the water moccasin.
Your headbutt misses the water moccasin.
The water moccasin bites you!
You punch the water moccasin!
The water moccasin is moderately wounded.
The water moccasin bites you.
You are poisoned.
The water moccasin poisons you!
You barely miss the water moccasin.
The water moccasin is moderately wounded.
You feel very sick. The water moccasin bites you.
You are more poisoned.
The water moccasin poisons you! The endoplasm freezes you.
You are frozen.
The water moccasin bites you.
You are more poisoned.
The water moccasin poisons you!
Unknown command.
You feel very mighty all of a sudden.
* * * LOW HITPOINT WARNING * * *
You feel extremely sick.
The water moccasin bites you but does no damage.
The endoplasm jiggles.
The endoplasm freezes you.
You are frozen.
* * * LOW HITPOINT WARNING * * *
You closely miss the water moccasin.
The water moccasin is moderately wounded.
* * * LOW HITPOINT WARNING * * *
You feel very sick. The water moccasin barely misses you.
You furiously retaliate!
You headbutt the water moccasin! The endoplasm freezes you.
You are frozen.
You die...

## ...## #.# #...#
##..## #$.## ##....##
#...# ###......#
#...####.....#..#
##.....>.....#..#
###J...........#..##
#..S@..............##
#.....###............(..
#.... ####............
#... ##........... ...
##.......... ..
##......... . ##........
##....... #.......


You could see a water moccasin and an endoplasm.

Vanquished Creatures
  8 adders
  4 gnolls (D:3)
  2 dart slugs
  2 orcs (D:3)
  11 endoplasms
  7 giant cockroaches
  5 hobgoblins
  4 jackals (D:3)
  7 kobolds
  3 quokkas
  6 ball pythons
  5 bats
  2 frilled lizards (D:2)
  7 goblins
  2 rats
75 creatures vanquished.

Notes
Turn   | Place    | Note
-------+----------+-------------------------------------------
     0 | D:1      | Hubris850 the Minotaur Fighter began the quest for the Orb.
     0 | D:1      | Reached XP level 1. HP: 19/19 MP: 0/0
   174 | D:1      | Reached XP level 2. HP: 27/27 MP: 1/1
   511 | D:2      | Reached skill level 3 in Unarmed Combat
   511 | D:2      | Reached XP level 3. HP: 32/33 MP: 2/2
   787 | D:2      | Found a shimmering blue altar of Sif Muna.
   796 | D:2      | Identified the +0 robe of Incorporation {Rampage *Corrode
                  | rC++}
   827 | D:2      | Reached skill level 4 in Unarmed Combat
   975 | D:3      | Reached XP level 4. HP: 37/40 MP: 3/3
  1140 | D:3      | Found a faded altar of an unknown god.
  1310 | D:3      | Reached skill level 5 in Unarmed Combat
  1315 | D:3      | Reached XP level 5. HP: 30/46 MP: 4/4
  1848 | D:4      | Noticed a water moccasin
  1858 | D:4      | Frozen to death by an endoplasm

Illustrated notes

Levels and vault maps discovered:
D:1:      dpeg_arrival_pond, layout_rooms
D:2:      layout_rooms, basic_altar, nicolae_concentric_dashed_squares_mild
D:3:      minmay_wonky_spiral, layout_rooms, basic_ecumenical_altar
D:4:      layout_layer_cave, minmay_temple_entry_offerings,
          hangedman_abyss_or_decor_passed

Skill      XL: |  1  2  3  4 |
---------------+-------------+-----
Fighting       | 4 |  4.0
Armour         | 4 |  4.0
Shields        | 4 |  4.0
Unarmed Combat | 3 4 5 |  5.8

Action                     |  1- 3 |  4- 6 || total
---------------------------+-------+-------++-------
  Melee: Unarmed           |   108 |    82 ||   190
         Headbutt          |    10 |    17 ||    27
    Use: Potion            |       |     1 ||     1
 Armour: Scale mail        |    61 |    50 ||   111
  Dodge: Dodged            |    47 |    31 ||    78
  Block: Buckler           |    25 |    21 ||    46

Table legend: (Time is in decaauts)
 A = Elapsed time spent in this place.
 B = Non-inter-level travel time spent in this place.
 C = Inter-level travel time spent in this place.
 D = Time resting spent in this place.
 E = Time spent auto-exploring this place.
 F = Levels seen in this place.
 G = Mean time per level.
                   A        B        C        D        E       F      G
               +--------+--------+--------+--------+--------+-----+--------+
         Total |   1849 |   1797 |     52 |     17 |   1365 |   4 |  462.2 |
       Dungeon |   1849 |   1797 |     52 |     17 |   1365 |   4 |  462.2 |
               +--------+--------+--------+--------+--------+-----+--------+

Top non-repeatable levels by time:
     D:3: 662 daAuts
     D:2: 542 daAuts
     D:1: 418 daAuts
     D:4: 226 daAuts
